 Dungeon Crawl Stone Soup version 0.28-a0-863-g8cecda6153 (webtiles) character file.

Game seed: 17564488366654755045

1282 Conn the Firebug (level 8, -4/37 (48) HPs)
             Began as an Octopode Fire Elementalist on Nov 19, 2021.
             Was an Initiate of Sif Muna.
             Slain by Edmund (7 damage)
             ... on level 5 of the Dungeon.
             The game lasted 00:13:35 (5492 turns).

Conn the Firebug (Octopode Fire Elementalist)       Turns: 5492, Time: 00:13:38

HP:   -4/37 (48)    AC:  1    Str:  7    XL:     8   Next: 54%
MP:   7/16          EV: 13    Int: 20    God:    Sif Muna [......]
Gold: 229           SH:  0    Dex: 12    Spells: 1/18 levels left

rFire   . . .      SeeInvis .   r - +1 dagger (venom)
rCold   . . .      Faith    .   (no shield)
rNeg    . . .      Spirit   .   (helmet restricted)
rPois   .          Reflect  .   (no amulet)
rElec   .          Harm     .   (no ring)
rCorr   .          Rampage  .   (no ring)
Will    .....                   (no ring)
Stlth   ++++......              (no ring)
HPRegen 0.12/turn               (no ring)
MPRegen 0.15/turn               (no ring)
                                (no ring)
                                (no ring)

@: heavily drained
A: almost no armour, amphibious, 8 rings, camouflage 1, gelatinous body 1,
(nimble swimmer 1), tentacles
a: Renounce Religion


You were on level 5 of the Dungeon.
You worshipped Sif Muna.
Sif Muna was noncommittal.
You visited 2 branches of the dungeon, and saw 6 of its levels.
You also visited: Sewer.

You collected 229 gold pieces.

Inventory:

Hand Weapons
 b - a +0 short sword
 r - a +1 dagger of venom (weapon)
Missiles
 o - a curare-tipped dart
Jewellery
 u - a ring of willpower
Wands
 w - a wand of acid (11)
Scrolls
 a - a scroll of amnesia {unknown}
 c - a scroll of magic mapping {unknown}
 g - 5 scrolls of enchant weapon {unknown}
 i - a scroll of blinking {unknown}
 k - a scroll of fog {unknown}
 q - a scroll of teleportation {unknown}
 s - 5 scrolls of identify {unknown}
 v - a scroll of enchant armour {unknown}
Potions
 d - 5 potions of curing
 e - 4 potions of haste {unknown}
 f - a potion of lignification {unknown}
 h - a potion of invisibility
 j - 3 potions of flight
 l - 3 potions of might {unknown}
 m - 2 potions of attraction {unknown}
 n - a potion of mutation {unknown}
 t - a potion of cancellation {unknown}
 x - a potion of berserk rage {unknown}


   Skills:
 + Level 1.0 Fighting
 + Level 2.1 Short Blades
 + Level 2.5 Dodging
 + Level 5.6 Stealth
 + Level 5.5 Spellcasting
 * Level 4.4 Conjurations
 + Level 0.2 Hexes
 * Level 0.6 Translocations
 + Level 5.7 Fire Magic


You had one spell level left.
You knew the following spells:

 Your Spells              Type           Power      Damage    Failure   Level
a - Foxfire               Conj/Fire      100%       2x1d9     1%          1
b - Conjure Flame         Conj/Fire      25%        6-21      4%          3
c - Inner Flame           Hex/Fire       17%        N/A       10%         3
d - Flame Wave            Conj/Fire      25%        3d6       14%         4
e - Scorch                Fire           56%        2d8       1%          2
f - Iskenderun's Mystic   Conj/Tloc      15%        2d5       36%         4

Your spell library contained the following spells:

 Spells                   Type           Power      Damage    Failure   Level
 Freeze                   Ice            20%        1d4       11%         1
 Frozen Ramparts          Ice            10%        1d3       32%         3
 Fulminant Prism          Conj/Hex       7%         3d7       38%         4
 Hailstorm                Conj/Ice       14%        3d5       41%         4
 Animate Dead             Necr           2%         N/A       73%         4
 Borgnjor's Vile Clutch   Necr/Erth      2%         N/A       97%         5
 Lee's Rapid Deconstruct  Erth           2%         3d6*      97%         5
 Death Channel            Necr           2%         N/A       100%        6


Dungeon Overview and Level Annotations

Branches:
Dungeon (5/15)             Temple (1/1) D:4           Sewer (visited)

Altars:
Gozag
Sif Muna
Trog
Zin

Annotations:
D:5 Edmund


Innate Abilities, Weirdness & Mutations

You cannot wear most types of armour.
You are amphibious.
You can wear up to eight rings at the same time.
Your skin changes colour to match your surroundings (Stealth+).
Your rubbery body absorbs attacks. (AC +1, EV +1)
((You are camouflaged near water. (Stealth+)))
You have tentacles for arms and can constrict up to eight enemies at once.


Message History

Press: ? - help, Dir - look around, f - activate A wave of flame ripples out!
The flame wave engulfs Edmund.
Edmund is lightly wounded. (Press . to intensify the flame waves.)
You hear a shout!
Edmund hits you with a +7 dire flail of draining!
You feel drained.
A wave of flame ripples out!
The flame wave engulfs Edmund!
Edmund is heavily wounded.
Edmund hits you with a +7 dire flail of draining!
You feel drained.
Unknown command.
A wave of flame ripples out!
The flame wave engulfs Edmund!
Edmund is heavily wounded.
You finish channelling waves of flame.
Edmund hits you with a +7 dire flail of draining!
* * * LOW HITPOINT WARNING * * *
You feel drained.
* * * LOW HITPOINT WARNING * * *
Edmund says, "A flail is better than a scythe, any day of the week!"
Okay, then.
You feel much better.
Edmund hits you with a +7 dire flail of draining.
You feel drained.
Casting: Flame Wave (quite dangerous; 14% risk of failure)
Confirm with . or Enter, or press ? or * to list all spells.
Aiming: Inner Flame (dangerous; 10% risk of failure)
Press: ? - help, Dir - move target, f - Edmund
Aim: Edmund, wielding a +7 dire flail of draining and wearing a +0 leather armour (heavily wounded, chance to affect: 73%) Edmund is filled with an inner flame.
Edmund hits you with a +7 dire flail of draining.
You feel drained.
You feel better. Edmund misses you.
Casting: Inner Flame (dangerous; 10% risk of failure)
Confirm with . or Enter, or press ? or * to list all spells.
You conjure some foxfire!
Edmund hits you with a +7 dire flail of draining!
* * * LOW HITPOINT WARNING * * *
You feel drained.
You die...

#.#..# #.# #..#
.. # #..# #.#
#..# #. ##.###.#
#..# .. #..##.#
#..# #. #..##.#
#..# #. #...#.#
#..# #. #...#.#
#.########v..#
#.......@@v..#
#.#########.>....
#. ##..... #.
..... .. ###. ##


You could see Edmund (inner flame, ally target).

Vanquished Creatures
  Sigmund (D:4)
  Eustachio (D:4)
  Menkaure (D:5)
  Duvessa (D:4)
  An ice beast (D:5)
  A black bear (D:3)
  A centaur (D:4)
  A kobold brigand (Sewer)
  Dowan (D:4)
  3 orc priests
  Ijyb (D:4)
  A scorpion zombie (D:5)
  An orc wizard (D:4)
  2 hound skeletons
  A gnoll (D:2)
  4 adders
  An ufetubus (D:5)
  An adder skeleton (D:4)
  3 worms
  11 orcs
  5 ball pythons
  5 endoplasms
  5 giant cockroaches
  13 goblins
  7 hobgoblins
  8 jackals
  11 kobolds
  2 quokkas
  3 bats
  A frilled lizard (D:3)
  A jackal skeleton (D:4)
  8 rats
107 creatures vanquished.

Vanquished Creatures (collateral kills)
  A foxfire (D:4)
1 creature vanquished.

Vanquished Creatures (others)
  356 foxfires
  A plant (Temple)
357 creatures vanquished.

Grand Total: 465 creatures vanquished

Notes
Turn   | Place    | Note
-------+----------+-------------------------------------------
     0 | D:1      | Conn the Octopode Fire Elementalist began the quest for the
                  | Orb.
     0 | D:1      | Reached XP level 1. HP: 11/11 MP: 3/3
   273 | D:1      | Reached XP level 2. HP: 17/17 MP: 0/5
   345 | D:1      | Found a faded altar of an unknown god.
  1152 | D:2      | Reached XP level 3. HP: 18/21 MP: 1/6
  1615 | D:2      | Found a glowing silver altar of Zin.
  1676 | D:2      | Reached XP level 4. HP: 26/27 MP: 4/8
  2083 | D:3      | Noticed a black bear
  2151 | D:2      | Learned a level 3 spell: Conjure Flame
  2155 | D:2      | Learned a level 3 spell: Inner Flame
  2195 | D:3      | Found a glowing drain.
  2206 | Sewer    | Entered a sewer
  2291 | Sewer    | Noticed a kobold brigand
  2301 | Sewer    | Killed a kobold brigand
  2302 | Sewer    | Reached XP level 5. HP: 31/31 MP: 0/10
  2411 | Sewer    | Found a white marble altar of Elyvilon.
  3068 | D:3      | Killed a black bear
  3069 | D:3      | Reached skill level 1 in Short Blades
  3069 | D:3      | Reached XP level 6. HP: 37/37 MP: 5/11
  3435 | D:4      | Learned a level 4 spell: Flame Wave
  3765 | D:4      | Noticed Eustachio
  3778 | D:4      | Killed Eustachio
  3779 | D:4      | Reached skill level 5 in Stealth
  3779 | D:4      | Reached XP level 7. HP: 36/42 MP: 1/13
  3894 | D:4      | Noticed Ijyb
  4030 | D:4      | Noticed Sigmund
  4048 | D:4      | Killed Sigmund
  4049 | D:4      | Reached skill level 1 in Fighting
  4242 | D:4      | Found a staircase to the Ecumenical Temple.
  4253 | Temple   | Entered the Ecumenical Temple
  4273 | Temple   | Became a worshipper of Sif Muna the Loreminder
  4293 | D:4      | Noticed Duvessa
  4293 | D:4      | Noticed Dowan
  4304 | D:4      | Killed Duvessa
  4318 | D:4      | Killed Dowan
  4319 | D:4      | Reached skill level 5 in Fire Magic
  4462 | D:4      | Reached XP level 8. HP: 25/48 MP: 9/15
  4768 | D:4      | Killed Ijyb
  4977 | D:5      | Entered Level 5 of the Dungeon
  4985 | D:5      | Reached skill level 5 in Spellcasting
  5394 | D:5      | Learned a level 2 spell: Scorch
  5399 | D:5      | Learned a level 4 spell: Iskenderun's Mystic Blast
  5436 | D:5      | Noticed Menkaure
  5442 | D:5      | Killed Menkaure
  5477 | D:5      | Noticed Edmund
  5481 | D:5      | HP: 1/42 [Edmund (5)]
  5492 | D:5      | Slain by Edmund

Illustrated notes

Levels and vault maps discovered:
D:1:      erik_arrival_cave_to_civilisation [erik_arrival_cave_to_temple],
          layout_basic, shapermc_ecumenical_altar_mp_highgroup
D:2:      layout_rooms, basic_altar, st_stairs_11, minmay_unequal
D:3:      kennysheep_the_goblin_king, layout_loops_ring,
          cheibrodos_sewer_entry_drain
D:4:      layout_gridville, minmay_temple_entry_water_ring,
          palyth_stone_intersect, uniq_duvessa, uniq_ijyb, uniq_sigmund,
          uniq_eustachio
D:5:      minmay_evil_eye, layout_basic, uniq_crazy_yiuf_cottage, uniq_menkaure,
          uniq_edmund
Temple:   mainiacjoe_temple_circle_huts

Skill      XL: |  1  2  3  4  5  6  7  8 |
---------------+-------------------------+-----
Stealth        | 3 4 5 |  5.6
Spellcasting   | 3 4 5 |  5.5
Fire Magic     | 4 5 |  5.7
Conjurations   | 2 3 4 |  4.4
Short Blades   | 1 2 |  2.1
Fighting       | 1 |  1.0
Dodging        | |  2.5
Hexes          | |  0.2
Translocations | |  0.6

Action                   |  1- 3 |  4- 6 |  7- 9 || total
-------------------------+-------+-------+-------++-------
Melee: Short sword       |     9 |    36 |       ||    45
       Constrict         |     2 |    17 |     3 ||    22
       Tentacles         |     1 |    17 |     1 ||    19
       Dagger            |       |    13 |    13 ||    26
 Cast: Foxfire           |    55 |    72 |    74 ||   201
       Conjure Flame     |       |       |     2 ||     2
       Inner Flame       |       |       |     5 ||     5
       Flame Wave        |       |       |     3 ||     3
       Scorch            |       |       |     1 ||     1
  Use: Potion            |       |       |     3 ||     3
 Stab: Sleeping          |       |     8 |       ||     8
Armor: Skin              |       |     4 |       ||     4
Dodge: Dodged            |    10 |    24 |    15 ||    49

Table legend: (Time is in decaauts)
 A = Elapsed time spent in this place.
 B = Non-inter-level travel time spent in this place.
 C = Inter-level travel time spent in this place.
 D = Time resting spent in this place.
 E = Time spent auto-exploring this place.
 F = Levels seen in this place.
 G = Mean time per level.
                   A        B        C        D        E       F      G
               +--------+--------+--------+--------+--------+-----+--------+
         Total |   5495 |   5350 |    145 |    334 |   3721 |   7 |  785.0 |
       Dungeon |   5216 |   5083 |    133 |    334 |   3566 |   5 | 1043.2 |
        Temple |     32 |     20 |     12 |      0 |      0 |   1 |   32.0 |
         Sewer |    246 |    246 |      0 |      0 |    155 |   1 |  246.0 |
               +--------+--------+--------+--------+--------+-----+--------+

Top non-repeatable levels by time:
     D:4: 1494 daAuts
     D:1: 1170 daAuts
     D:3: 1051 daAuts
     D:2: 986 daAuts
     D:5: 514 daAuts
   Sewer: 246 daAuts
  Temple: 32 daAuts
